 Dungeon Crawl Stone Soup version 0.32-a0-128-g77eb882913 (webtiles) character file.

Game seed: 4575293475183394088

67 whatisthis the Magician (level 4, -1/39 HPs)
             Began as an Oni Air Elementalist on Feb 8, 2024.
             Slain by Grinder (7 damage)
             ... on level 2 of the Dungeon.
             The game lasted 00:03:58 (2162 turns).

whatisthis the Magician (Oni Air Elementalist)      Turns: 2162, Time: 00:03:58

Health: -1/39      AC:  3    Str: 12    XL:     4   Next: 18%
Magic:  0/9        EV:  9    Int: 18    God:
Gold:   102        SH:  0    Dex:  9    Spells: 6/9 levels left

rFire   . . .        (no weapon)
rCold   + . .        (no shield)
rNeg    . . .        a - +0 robe
rPois   .            (helmet restricted)
rElec   .            (no cloak)
rCorr   .            (gloves unavailable)
SInv    .            (boots unavailable)
Will    .....        (no amulet)
Stlth   +            e - ring of protection from cold
HPRegen 0.26/turn    (no ring)
MPRegen 0.11/turn

%: no passive effects
@: no status effects
A: large, unfitting armour, horns 1, tough skin 1, double potion healing,
drunken brawling
a: no special abilities


You were on level 2 of the Dungeon.
You visited 1 branch of the dungeon, and saw 3 of its levels.

You collected 102 gold pieces.

Inventory:

Missiles
 h - 3 poisoned darts
Armour
 a - a +0 robe (worn)
Jewellery
 e - a ring of protection from cold (left hand)
Scrolls
 c - 2 scrolls of immolation {unknown}
Potions
 d - a potion of lignification {unknown}
 f - a potion of brilliance {unknown}
 g - a potion of cancellation {unknown}
 i - a potion of attraction {unknown}
 j - a potion of heal wounds {unknown}


   Skills:
 - Level 1.7 Dodging
 - Level 1.4 Stealth
 + Level 3.4 Spellcasting
 + Level 2.0 Conjurations
 + Level 3.3 Air Magic


You had 6 spell levels left.
You knew the following spells:

 Your Spells              Type           Power      Damage    Failure   Level
a - Shock                 Conj/Air       48%        1d6       4%          1
b - Static Discharge      Conj/Air       24%        3-4/arc   8%          2

Your spell library contained the following spells:

 Spells                   Type           Power      Damage    Failure   Level
 Swiftness                Air            15%        N/A       12%         3
 Airstrike                Air            7%         2d(2-18)  36%         4
 Call Canine Familiar     Summ           3%         N/A       43%         3
 Sigil of Binding         Hex            3%         N/A       43%         3
 Dimensional Bullseye     Hex/Tloc       1%         N/A       83%         4


Dungeon Overview and Level Annotations

Branches:
Dungeon (3/15)

Altars:

Annotations:
D:2 Grinder
D:3 Sigmund


Innate Abilities, Weirdness & Mutations

You are too large for most types of armour.
You have a pair of small horns on your head.
You have tough skin. (AC +1)
You gain doubled healing and magic from potions.
Whenever you drink a healing potion, you attack all around you.


Message History

You start resting.
Grinder is nearby!
Aiming: Shock (safe; 4% risk of failure)
Press: ? - help, Q - select action, (/) - cycle Shift-Dir - straight line, f/p - Grinder
Aim: Grinder (severely wounded, 64% to hit)
The zap hits Grinder.
Grinder is almost dead.
Unknown command.
Aiming: Shock (safe; 4% risk of failure)
Press: ? - help, Q - select action, (/) - cycle Shift-Dir - straight line, f/p - Grinder
Aim: Grinder (almost dead, 64% to hit)
The zap misses Grinder.
Your magical contamination has completely faded away.
Unknown command.
Grinder blinks!
You start resting.
Grinder is nearby!
Grinder blinks!
There is a stone staircase leading down here.
Casting: Shock (safe; 4% risk of failure)
Confirm with . or Enter, or press ? or * to list all spells.
Grinder is struck by an arc of lightning.
Grinder is almost dead.
You are struck by an arc of lightning.
The lightning grounds out.
Grinder hits you but does no damage.
Unknown command.
Unknown command.
You hit Grinder but do no damage.
Grinder is almost dead.
Grinder hits you.
You writhe in agony.
* * * LOW HITPOINT WARNING * * *
You hit Grinder but do no damage.
Grinder is almost dead.
Grinder hits you.
* * * LOW HITPOINT WARNING * * *
You hit Grinder but do no damage.
Grinder is almost dead.
Grinder hits you!
You die...
Grinder says, "Hey, I wasn't done torturing you yet!"

###..# #....+........#
..#..####....#........#######
..#..##......######.........#
..#..รท.......# #.........#
..##.##..##.## #.........#
..##.##..##.### #.........#
..+).##.......### #.........#
..#####.###.....###.........#
### #.###.##..@5..........#
#.....########........#
####### ##########


You could see Grinder.

Vanquished Creatures
  3 adders (D:2)
  2 dart slugs (D:2)
  2 ribbon worms (D:2)
  3 bats (D:2)
  3 endoplasms
  A giant cockroach (D:1)
  5 goblins
  2 hobgoblins
  4 jackals (D:1)
  A kobold (D:2)
  A quokka (D:2)
  2 frilled lizards (D:2)
29 creatures vanquished.

Notes
Turn   | Place    | Note
-------+----------+-------------------------------------------
     0 | D:1      | whatisthis the Oni Air Elementalist began the quest for the
                  | Orb.
     0 | D:1      | Reached XP level 1. HP: 16/16 MP: 3/3
     2 | D:1      | Noticed an armataur
     4 | D:1      | Noticed a demonspawn
     4 | D:1      | Noticed a human
     6 | D:1      | Noticed a felid
     6 | D:1      | Noticed a merfolk
     8 | D:1      | Noticed an octopode
     8 | D:1      | Noticed a ghoul
    10 | D:1      | Noticed a demigod
    10 | D:1      | Noticed an elf
    12 | D:1      | Noticed a spriggan
    12 | D:1      | Noticed a gargoyle
    14 | D:1      | Noticed a naga
    14 | D:1      | Noticed a draconian
    16 | D:1      | Noticed a vampire
    18 | D:1      | Noticed a minotaur
    20 | D:1      | Noticed a formicid
    20 | D:1      | Noticed a barachi
    22 | D:1      | Noticed an oni
    24 | D:1      | Noticed a djinni
    24 | D:1      | Noticed a vine stalker
    26 | D:1      | Noticed a troll
    26 | D:1      | Noticed a tengu
   240 | D:1      | Reached skill level 1 in Conjurations
   306 | D:1      | Reached XP level 2. HP: 22/24 MP: 2/5
   994 | D:2      | Reached XP level 3. HP: 29/31 MP: 1/7
  1668 | D:2      | Reached XP level 4. HP: 37/39 MP: 1/9
  1923 | D:3      | Noticed Grinder
  1962 | D:2      | Learned a level 2 spell: Static Discharge
  1963 | D:3      | Noticed Sigmund
  2114 | D:3      | Paralysed by Grinder for 5 turns
  2123 | D:3      | Paralysed by Grinder for 4 turns
  2162 | D:2      | Slain by Grinder

Illustrated notes

Levels and vault maps discovered:
D:1:      kb_arrival_jail, layout_basic
D:2:      layout_basic
D:3:      layout_rooms, grunt_decor_fettered, serial_bayou_lagoon_a,
          uniq_sigmund, uniq_grinder, uniq_ijyb

Skill      XL: |  1  2  3 |
---------------+----------+-----
Conjurations   | 1 2 |  2.0
Air Magic      | 3 |  3.3
Spellcasting   | 3 |  3.4
Dodging        | |  1.7
Stealth        | |  1.4

Action                     |  1- 3 |  4- 6 || total
---------------------------+-------+-------++-------
  Melee: Unarmed           |       |     3 ||     3
   Cast: Shock             |    76 |    29 ||   105
         Static Discharge  |       |     2 ||     2
    Use: Potion            |       |     1 ||     1
 Armour: Robe              |    21 |    10 ||    31
  Dodge: Dodged            |    11 |     1 ||    12

Table legend: (Time is in decaauts)
 A = Elapsed time spent in this place.
 B = Non-inter-level travel time spent in this place.
 C = Inter-level travel time spent in this place.
 D = Time resting spent in this place.
 E = Time spent auto-exploring this place.
 F = Levels seen in this place.
 G = Mean time per level.
                   A        B        C        D        E       F      G
               +--------+--------+--------+--------+--------+-----+--------+
         Total |   2164 |   1971 |    193 |    210 |   1431 |   3 |  721.3 |
       Dungeon |   2164 |   1971 |    193 |    210 |   1431 |   3 |  721.3 |
               +--------+--------+--------+--------+--------+-----+--------+

Top non-repeatable levels by time:
     D:2: 1401 daAuts
     D:1: 712 daAuts
     D:3: 50 daAuts
